TOP OF THE 1ST |
Oakland Athletics batting - Pitching for Houston Astros : RHP Odrisamer Despaigne
|
Pitching: RHP Odrisamer Despaigne
|
|
Batting: LHB Shin-Soo Choo
|
0-0: Ball 1-0: Fly out, F6 (Popup, 4MD, EV 73.8 MPH)
|
Batting: LHB Herschel Powell
|
0-0: Ball 1-0: Called Strike 1-1: Fly out, F2 (Popup, 2L, EV 91.9 MPH)
|
Batting: RHB Rhys Hoskins
|
0-0: Foul Ball, location: 2F 0-1: Ground out 1-3 (Groundball, P, EV 68.8 MPH)
|
Top of the 1st over - 0 runs, 0 hits, 0 errors, 0 left on base; Oakland 0 - Houston 0 |
BOTTOM OF THE 1ST |
Houston Astros batting - Pitching for Oakland Athletics : RHP Jerad Eickhoff
|
Pitching: RHP Jerad Eickhoff
|
|
Batting: SHB Jorge Polanco
|
0-0: Ball 1-0: DOUBLE (Groundball, 3L, EV 99.4 MPH)
|
Batting: SHB Ben Zobrist
|
0-0: Foul Ball, location: 2F 0-1: Called Strike 0-2: Strikes out looking
|
Batting: LHB Rougned Odor
|
0-0: Ball 1-0: 2-RUN HOME RUN (Flyball, 89XD, EV 95.6 MPH), Distance : 405 ft
|
Batting: RHB Edwin Encarnacion
|
0-0: Ball 1-0: Foul Ball, location: 2F 1-1: Foul Ball, location: 2F 1-2: Foul Ball, location: 2F 1-2: SINGLE (Flyball, 5D, EV 101.9 MPH)
|
Batting: RHB Trey Mancini
|
0-0: Called Strike 0-1: Swinging Strike 0-2: Ball 1-2: Strikes out swinging
|
Batting: LHB Jason Heyward
|
0-0: SINGLE (Flyball, 89S, EV 100.0 MPH) Edwin Encarnacion to second Runner from 2nd tries for 3rd, SAFE, no throw by CF
|
Batting: SHB Tucker Barnhart
|
0-0: Ball 1-0: Called Strike 1-1: Fly out, F9 (Line Drive, 9, EV 90.6 MPH)
|
Bottom of the 1st over - 2 runs, 4 hits, 0 errors, 2 left on base; Oakland 0 - Houston 2 |
TOP OF THE 2ND |
Oakland Athletics batting - Pitching for Houston Astros : RHP Odrisamer Despaigne
|
Batting: LHB Didi Gregorius
|
0-0: Called Strike 0-1: Ball 1-1: Ball 2-1: Swinging Strike 2-2: Ball 3-2: Base on Balls
|
Batting: RHB Jose Abreu
|
0-0: Foul Ball, location: 2F 0-1: Swinging Strike 0-2: Strikes out swinging
|
Batting: LHB Cory Spangenberg
|
0-0: Called Strike 0-1: Ball 1-1: Ball 2-1: Called Strike 2-2: Ball 3-2: Base on Balls Didi Gregorius to second
|
Batting: RHB Kurt Suzuki
|
0-0: Called Strike 0-1: Ball 1-1: SINGLE (Line Drive, 78M, EV 95.0 MPH) Didi Gregorius to third Cory Spangenberg to second
|
Batting: LHB Steven Duggar
|
0-0: Swinging Strike 0-1: Fly out, F5 (Popup, 56S, EV 85.0 MPH)
|
Batting: SHB Freddy Galvis
|
0-0: Ball 1-0: Ball 2-0: SINGLE (Line Drive, 78S, EV 93.8 MPH) Didi Gregorius scores Cory Spangenberg to third Kurt Suzuki to second
|
Batting: LHB Shin-Soo Choo
|
0-0: Called Strike 0-1: Ball 1-1: Ball 2-1: SINGLE (Line Drive, 78M, EV 97.5 MPH) Cory Spangenberg scores Kurt Suzuki to third Freddy Galvis to second
|
Batting: LHB Herschel Powell
|
0-0: Called Strike 0-1: Swinging Strike 0-2: Ball 1-2: Ground out 4-3 (Groundball, 4, EV 102.5 MPH)
|
Top of the 2nd over - 2 runs, 3 hits, 0 errors, 3 left on base; Oakland 2 - Houston 2 |
BOTTOM OF THE 2ND |
Houston Astros batting - Pitching for Oakland Athletics : RHP Jerad Eickhoff
|
Batting: RHB Brian W. Anderson
|
0-0: Called Strike 0-1: Swinging Strike 0-2: Ball 1-2: Strikes out swinging
|
Batting: RHB Jorge Bonifacio
|
0-0: Called Strike 0-1: Foul Ball, location: 2F 0-2: Strikes out looking
|
Batting: SHB Jorge Polanco
|
0-0: Foul Ball, location: 2F 0-1: Ball 1-1: Ground out U3 (Groundball, 34, EV 90.0 MPH)
|
Bottom of the 2nd over - 0 runs, 0 hits, 0 errors, 0 left on base; Oakland 2 - Houston 2 |
TOP OF THE 3RD |
Oakland Athletics batting - Pitching for Houston Astros : RHP Odrisamer Despaigne
|
Batting: RHB Rhys Hoskins
|
0-0: Called Strike 0-1: Swinging Strike 0-2: Ball 1-2: SINGLE (Line Drive, 7LS, EV 103.1 MPH)
|
Batting: LHB Didi Gregorius
|
0-0: Ball 1-0: Ball 2-0: 2-RUN HOME RUN (Line Drive, 9D, EV 98.8 MPH), Distance : 402 ft
|
Batting: RHB Jose Abreu
|
0-0: Ground out 5-3 (Groundball, 56, EV 86.3 MPH)
|
Batting: LHB Cory Spangenberg
|
0-0: Bunt for hit to 15S - play at first, batter safe!
|
Batting: RHB Kurt Suzuki
|
0-0: Ball 1-0: Called Strike 1-1: Ball 2-1: Called Strike Cory Spangenberg steals 2nd base 2-2: Foul Ball, location: 2F 2-2: Foul Ball, location: 2F 2-2: SINGLE (Groundball, 56, EV 103.1 MPH) (infield hit) Cory Spangenberg to third
|
Batting: LHB Steven Duggar
|
0-0: Called Strike 0-1: 3-RUN HOME RUN (Flyball, 89XD, EV 94.4 MPH), Distance : 423 ft
|
Pitching: RHP Jeff Hoffman
|
|
Batting: SHB Freddy Galvis
|
0-0: Fly out, F8 (Flyball, 8LM, EV 75.0 MPH)
|
Batting: LHB Shin-Soo Choo
|
0-0: Ball 1-0: Ball 2-0: Ball 3-0: Base on Balls
|
Batting: LHB Herschel Powell
|
0-0: Ball 1-0: Foul Ball, location: 2F 1-1: Ball 2-1: Fly out, F6 (Popup, P, EV 73.1 MPH)
|
Top of the 3rd over - 5 runs, 5 hits, 0 errors, 1 left on base; Oakland 7 - Houston 2 |
BOTTOM OF THE 3RD |
Houston Astros batting - Pitching for Oakland Athletics : RHP Jerad Eickhoff
|
Batting: SHB Ben Zobrist
|
0-0: Called Strike 0-1: Ball 1-1: Ball 2-1: Fly out, F8 (Flyball, 8RS, EV 78.1 MPH)
|
Batting: LHB Rougned Odor
|
0-0: Ball 1-0: Foul Ball, location: 2F 1-1: Fly out, F7 (Flyball, 7LS, EV 93.8 MPH)
|
Batting: RHB Edwin Encarnacion
|
0-0: Called Strike 0-1: Ball 1-1: Foul Ball, location: 2F 1-2: Ball 2-2: Foul Ball, location: 2F 2-2: Strikes out swinging
|
Bottom of the 3rd over - 0 runs, 0 hits, 0 errors, 0 left on base; Oakland 7 - Houston 2 |
TOP OF THE 4TH |
Oakland Athletics batting - Pitching for Houston Astros : RHP Jeff Hoffman
|
Batting: RHB Rhys Hoskins
|
0-0: Ball 1-0: SINGLE (Groundball, 6MD, EV 101.3 MPH)
|
Batting: LHB Didi Gregorius
|
0-0: Ball 1-0: Foul Ball, location: 2F 1-1: Fly out, F8 (Flyball, 8RM, EV 91.3 MPH)
|
Batting: RHB Jose Abreu
|
0-0: Ball 1-0: Ball 2-0: Called Strike 2-1: Ball 3-1: Called Strike 3-2: Strikes out looking
|
Batting: LHB Cory Spangenberg
|
0-0: Fly out, F7 (Flyball, 7S, EV 80.0 MPH)
|
Top of the 4th over - 0 runs, 1 hit, 0 errors, 1 left on base; Oakland 7 - Houston 2 |
BOTTOM OF THE 4TH |
Houston Astros batting - Pitching for Oakland Athletics : RHP Jerad Eickhoff
|
Batting: RHB Trey Mancini
|
0-0: SINGLE (Groundball, 6MD, EV 107.5 MPH)
|
Batting: LHB Jason Heyward
|
0-0: Ball 1-0: Foul Ball, location: 2F 1-1: Fly out, F8 (Line Drive, 8RM, EV 90.6 MPH)
|
Batting: SHB Tucker Barnhart
|
0-0: Ball 1-0: Swinging Strike 1-1: Foul Ball, location: 2F 1-2: Foul Ball, location: 2F 1-2: Strikes out looking
|
Batting: RHB Brian W. Anderson
|
0-0: Swinging Strike 0-1: Called Strike 0-2: Ball 1-2: Ball 2-2: Ball 3-2: Fly out, F7 (Flyball, 78D, EV 93.8 MPH)
|
Bottom of the 4th over - 0 runs, 1 hit, 0 errors, 1 left on base; Oakland 7 - Houston 2 |
TOP OF THE 5TH |
Oakland Athletics batting - Pitching for Houston Astros : RHP Jeff Hoffman
|
Batting: RHB Kurt Suzuki
|
0-0: Called Strike 0-1: Foul Ball, location: 2F 0-2: Ground out 5-3 (Groundball, 56S, EV 82.5 MPH)
|
Batting: LHB Steven Duggar
|
0-0: Ball 1-0: Called Strike 1-1: Foul Ball, location: 2F 1-2: Foul Ball, location: 2F 1-2: Ball 2-2: Foul Ball, location: 2F 2-2: Foul Ball, location: 2F 2-2: Strikes out swinging
|
Batting: SHB Freddy Galvis
|
0-0: Ball 1-0: Called Strike 1-1: Foul Ball, location: 2F 1-2: SINGLE (Line Drive, 34, EV 98.1 MPH)
|
Batting: LHB Shin-Soo Choo
|
0-0: Ball 1-0: Called Strike 1-1: Swinging Strike 1-2: Strikes out swinging
|
Top of the 5th over - 0 runs, 1 hit, 0 errors, 1 left on base; Oakland 7 - Houston 2 |
BOTTOM OF THE 5TH |
Houston Astros batting - Pitching for Oakland Athletics : RHP Jerad Eickhoff
|
Batting: RHB Jorge Bonifacio
|
0-0: Called Strike 0-1: Ball 1-1: Ball 2-1: Foul Ball, location: 2F 2-2: SOLO HOME RUN (Flyball, 78XD, EV 103.8 MPH), Distance : 430 ft
|
Batting: SHB Jorge Polanco
|
0-0: Called Strike 0-1: Ground out 4-3 (Groundball, 4, EV 106.9 MPH)
|
Batting: SHB Ben Zobrist
|
0-0: Ball 1-0: Swinging Strike 1-1: Ball 2-1: Called Strike 2-2: Strikes out swinging
|
Batting: LHB Rougned Odor
|
0-0: Called Strike 0-1: Ball 1-1: Ball 2-1: Ball 3-1: Foul Ball, location: 2F 3-2: Base on Balls
|
Batting: RHB Edwin Encarnacion
|
0-0: Called Strike 0-1: Ball 1-1: 2-RUN HOME RUN (Flyball, 7D, EV 103.1 MPH), Distance : 419 ft
|
Pitching: LHP Jerry Vasto
|
|
Batting: RHB Trey Mancini
|
0-0: Ball 1-0: Ball 2-0: Ball 3-0: Called Strike 3-1: Foul Ball, location: 2F 3-2: Base on Balls
|
Batting: LHB Jason Heyward
|
0-0: Ball 1-0: Ball 2-0: Called Strike 2-1: Foul Ball, location: 2F 2-2: Ball 3-2: Fly out, F8 (Line Drive, 8LD, EV 90.6 MPH)
|
Bottom of the 5th over - 3 runs, 2 hits, 0 errors, 1 left on base; Oakland 7 - Houston 5 |
TOP OF THE 6TH |
Oakland Athletics batting - Pitching for Houston Astros : RHP Jeff Hoffman
|
Batting: LHB Herschel Powell
|
0-0: Called Strike 0-1: Foul Ball, location: 2F 0-2: Ball 1-2: Strikes out looking
|
Batting: RHB Rhys Hoskins
|
0-0: Called Strike 0-1: SINGLE (Line Drive, 7LM, EV 85.0 MPH)
|
Pitching: LHP Chris Rusin
|
|
Batting: LHB Didi Gregorius
|
0-0: Called Strike 0-1: Ball 1-1: Foul Ball, location: 2F 1-2: Foul Ball, location: 2F 1-2: Fly out, F7 (Flyball, 7, EV 83.8 MPH)
|
Batting: RHB Jose Abreu
|
0-0: Ball 1-0: Foul Ball, location: 2F 1-1: Ball 2-1: Ball 3-1: Ground out 6-3 (Groundball, 6S, EV 91.9 MPH)
|
Top of the 6th over - 0 runs, 1 hit, 0 errors, 1 left on base; Oakland 7 - Houston 5 |
BOTTOM OF THE 6TH |
Houston Astros batting - Pitching for Oakland Athletics : LHP Jerry Vasto
|
Batting: SHB Tucker Barnhart
|
0-0: Ball 1-0: Fly out, F9 (Line Drive, 9, EV 100.6 MPH)
|
Batting: RHB Brian W. Anderson
|
0-0: Ball 1-0: SINGLE (Line Drive, 89M, EV 106.9 MPH)
|
Pitching: RHP Matt Barnes
|
|
Batting: RHB Jorge Bonifacio
|
0-0: Ball 1-0: Called Strike 1-1: Ball 2-1: Called Strike 2-2: Strikes out looking
|
Batting: SHB Jorge Polanco
|
0-0: Ball 1-0: Ball Brian W. Anderson is caught stealing 2nd base 2-6
|
Bottom of the 6th over - 0 runs, 1 hit, 0 errors, 0 left on base; Oakland 7 - Houston 5 |
TOP OF THE 7TH |
Oakland Athletics batting - Pitching for Houston Astros : LHP Chris Rusin
|
Batting: LHB Cory Spangenberg
|
0-0: Ball 1-0: SOLO HOME RUN (Flyball, 9D, EV 88.8 MPH), Distance : 390 ft
|
Batting: RHB Kurt Suzuki
|
0-0: Ground out 4-3 (Groundball, 4M, EV 84.4 MPH)
|
Batting: LHB Steven Duggar
|
0-0: Called Strike 0-1: Foul Ball, location: 2F 0-2: Strikes out swinging
|
Batting: SHB Freddy Galvis
|
0-0: Called Strike 0-1: Called Strike 0-2: Ball 1-2: Ball 2-2: Ground out 6-3 (Groundball, 6, EV 85.6 MPH)
|
Top of the 7th over - 1 run, 1 hit, 0 errors, 0 left on base; Oakland 8 - Houston 5 |
BOTTOM OF THE 7TH |
Houston Astros batting - Pitching for Oakland Athletics : RHP Matt Barnes
|
Pitching: RHP Michael Feliz
|
|
Batting: SHB Jorge Polanco
|
0-0: Ball 1-0: Ball 2-0: Ball 3-0: Called Strike 3-1: Base on Balls
|
Pitching: RHP Blake Parker
|
|
Batting: SHB Ben Zobrist
|
0-0: Called Strike 0-1: Ball 1-1: Ball Wild Pitch! Jorge Polanco to second 2-1: 2-RUN HOME RUN (Flyball, 9D, EV 109.4 MPH), Distance : 386 ft
|
Batting: LHB Rougned Odor
|
0-0: Called Strike 0-1: Ball 1-1: Ball 2-1: Called Strike 2-2: SINGLE (Line Drive, 8RS, EV 108.8 MPH)
|
Pitching: RHP Chasen Bradford
|
|
Batting: RHB Edwin Encarnacion
|
0-0: Ball 1-0: Swinging Strike 1-1: Called Strike Rougned Odor is caught stealing 2nd base 2-4 1-2: Strikes out looking
|
Batting: RHB Trey Mancini
|
0-0: Fly out, F7 (Line Drive, 7, EV 88.8 MPH)
|
Bottom of the 7th over - 2 runs, 2 hits, 0 errors, 0 left on base; Oakland 8 - Houston 7 |
TOP OF THE 8TH |
Oakland Athletics batting - Pitching for Houston Astros : LHP Chris Rusin
|
Pitching: RHP Alex Colome
|
|
Batting: LHB Shin-Soo Choo
|
0-0: Called Strike 0-1: Ball 1-1: Ground out 5-3 (Groundball, 56S, EV 74.4 MPH)
|
Batting: LHB Herschel Powell
|
0-0: Foul Ball, location: 2F 0-1: Foul Ball, location: 2F 0-2: Strikes out swinging
|
Batting: RHB Rhys Hoskins
|
0-0: Foul Ball, location: 2F 0-1: Foul Ball, location: 2F 0-2: Ball 1-2: Ball 2-2: Ground out 5-3 (Groundball, 56S, EV 69.4 MPH)
|
Top of the 8th over - 0 runs, 0 hits, 0 errors, 0 left on base; Oakland 8 - Houston 7 |
BOTTOM OF THE 8TH |
Houston Astros batting - Pitching for Oakland Athletics : RHP Chasen Bradford
|
Pitching: RHP Justin R. Miller
|
|
Now in LF: Mac Williamson
|
|
Batting: LHB Jason Heyward
|
0-0: Ball 1-0: Foul Ball, location: 2F 1-1: Foul Ball, location: 2F 1-2: Ball 2-2: Strikes out swinging
|
Batting: SHB Tucker Barnhart
|
0-0: Called Strike 0-1: Ball 1-1: Ball 2-1: Foul Ball, location: 2F 2-2: Ball 3-2: Foul Ball, location: 2F 3-2: Foul Ball, location: 2F 3-2: Foul Ball, location: 2F 3-2: Foul Ball, location: 2F 3-2: SINGLE (Line Drive, 8RM, EV 104.4 MPH)
|
Pitching: LHP Aaron Bummer
|
|
Batting: RHB Brian W. Anderson
|
0-0: Ball 1-0: Foul Ball, location: 2F 1-1: Ball 2-1: Ball 3-1: Base on Balls Tucker Barnhart to second
|
Batting: RHB Jorge Bonifacio
|
0-0: Ball 1-0: Fly out, F8 (Flyball, 8LXD, EV 87.5 MPH) Runner from 2nd tags up, SAFE at 3rd, no throw by CF
|
Batting: SHB Jorge Polanco
|
0-0: Fly out, F7 (Flyball, 7S, EV 89.4 MPH)
|
Bottom of the 8th over - 0 runs, 1 hit, 0 errors, 2 left on base; Oakland 8 - Houston 7 |
TOP OF THE 9TH |
Oakland Athletics batting - Pitching for Houston Astros : RHP Alex Colome
|
Pitching: LHP Jairo Labourt
|
|
Batting: LHB Didi Gregorius
|
0-0: Called Strike 0-1: Ball 1-1: Foul Ball, location: 2F 1-2: Strikes out swinging, 2-3 out at first.
|
Batting: RHB Jose Abreu
|
0-0: Ball 1-0: Foul Ball, location: 2F 1-1: Foul Ball, location: 2F 1-2: Ball 2-2: Strikes out swinging
|
Batting: LHB Cory Spangenberg
|
0-0: Called Strike 0-1: Swinging Strike 0-2: Strikes out swinging
|
Top of the 9th over - 0 runs, 0 hits, 0 errors, 0 left on base; Oakland 8 - Houston 7 |
BOTTOM OF THE 9TH |
Houston Astros batting - Pitching for Oakland Athletics : LHP Aaron Bummer
|
Batting: SHB Ben Zobrist
|
0-0: Ground out 4-3 (Groundball, 4S, EV 81.3 MPH)
|
Batting: LHB Rougned Odor
|
0-0: Swinging Strike 0-1: SINGLE (Groundball, 34, EV 83.1 MPH) (infield hit)
|
Batting: RHB Edwin Encarnacion
|
0-0: Ball 1-0: Ball 2-0: Ball 3-0: Fly out, F8 (Flyball, 8LM, EV 90.0 MPH)
|
Batting: RHB Trey Mancini
|
0-0: Ball 1-0: Swinging Strike 1-1: Called Strike 1-2: Fly out, F8 (Flyball, 8RS, EV 75.6 MPH)
|
Bottom of the 9th over - 0 runs, 1 hit, 0 errors, 1 left on base; Oakland 8 - Houston 7 |
|